 Dungeon Crawl Stone Soup version 0.20-a0-833-gc632bec (webtiles) character file.

95 Firecrotchwizard the Poker (level 4, 0/33 HPs)
             Began as a Merfolk Gladiator on Mar 8, 2017.
             Slain by a goblin
             ... wielding a +0 club
              (1 damage)
             ... on level 2 of the Dungeon.
             The game lasted 00:04:10 (2300 turns).

Firecrotchwizard the Poker (Merfolk Gladiator)      Turns: 2300, Time: 00:04:11

Health: 0/33       AC:  6    Str: 15    XL:     4   Next: 65%
Magic:  4/4        EV: 12    Int:  7    God:
Gold:   111        SH:  0    Dex: 15    Spells: 3/3 levels left

rFire    . . .     SeeInvis .   a - +0 trident
rCold    . . .     Gourm    .   s - +0 ring mail
rNeg     . . .     Faith    .   (no shield)
rPois    .         Spirit   .   c - +0 helmet
rElec    .         Reflect  .   (no cloak)
rCorr    .         Harm     .   (no gloves)
MR       .....                  (no boots)
Stlth    +.........             (no amulet)
Regen    0.2/turn               (no ring)
MPRegen  0.1/turn               (no ring)

@: no status effects
A: change form in water, swift swim, stealthy swim
a: no special abilities


You were on level 2 of the Dungeon.
You were not hungry.

You visited 1 branch of the dungeon, and saw 2 of its levels.

You collected 111 gold pieces.

Inventory:

Hand Weapons
 a - a +0 trident (weapon)
Missiles
 d - 3 throwing nets (quivered)
Armour
 b - a +0 leather armour
 c - a +0 helmet (worn)
 s - a +0 ring mail (worn)
Scrolls
 j - a scroll of fog {unknown}
 k - a scroll of blinking {unknown}
 n - 2 scrolls of identify {unknown}
 p - a scroll of teleportation {unknown}
 q - a scroll of immolation {unknown}
 r - a scroll of recharging {unknown}
 t - a scroll of amnesia {unknown}
Potions
 e - a potion of brilliance {unknown}
 g - 2 potions of curing {unknown}
 i - a potion of cancellation {unknown}
 l - a potion of ambrosia {unknown}
 m - a potion of might
 o - a potion of berserk rage {unknown}
Comestibles
 f - 2 bread rations
 h - a meat ration


   Skills:
 - Level 2.1 Fighting
 * Level 7.6 Polearms
 - Level 2.0 Throwing
 - Level 4.0 Dodging


You had 3 spell levels left.
You didn't know any spells.

Dungeon Overview and Level Annotations

Branches:
Dungeon (2/15)

Altars:


Message History

The gnoll is almost dead.
The gnoll hits you but does no damage.
You hit the gnoll but do no damage.
The gnoll is almost dead.
The goblin hits you but does no damage. The gnoll barely misses you.
You closely miss the gnoll.
The gnoll is almost dead.
The goblin hits you but does no damage. The gnoll hits you.
* * * LOW HITPOINT WARNING * * *
You closely miss the gnoll.
The gnoll is almost dead.
The goblin hits you but does no damage. The gnoll hits you.
* * * LOW HITPOINT WARNING * * *
You hit the gnoll.
You kill the gnoll!
The goblin barely misses you.
You closely miss the goblin. The goblin barely misses you.
You closely miss the goblin. You barely miss the goblin.
The goblin hits you with a club.
You die...

########## #........#
.........# #........#
.........#####........#
.....>...'........#'#####
.........####.....#.....####
...............g............
#########.#...####.####.##..
########'#)### #......##..
#........g@# ##..#####..
#........)## #..#####..
#.........# #§....##..
#.........# #..##.##g.
#..(......# ##g##.##..
#.........# ####..#g#.g.
#.........######.....#.#...
#....)...............#.#..
#.....÷....(...........#..


You could see a goblin.

Vanquished Creatures
  3 gnolls
  2 adders (D:2)
  2 worms (D:2)
  A dart slug (D:1)
  A leopard gecko (D:1)
  8 goblins
  6 hobgoblins (D:1)
  7 kobolds
  A quokka (D:2)
  6 bats
  2 frilled lizards (D:1)
39 creatures vanquished.

Notes
Turn   | Place    | Note
-------+----------+-------------------------------------------
     0 | D:1      | Firecrotchwizard the Merfolk Gladiator began the quest for the Orb.
     0 | D:1      | Reached XP level 1. HP: 16/16 MP: 1/1
   111 | D:1      | Reached skill level 5 in Polearms
   118 | D:1      | Reached XP level 2. HP: 15/22 MP: 2/2
   936 | D:1      | Reached skill level 6 in Polearms
   936 | D:1      | Reached XP level 3. HP: 27/27 MP: 3/3
  1733 | D:2      | Reached skill level 7 in Polearms
  1733 | D:2      | Reached XP level 4. HP: 17/33 MP: 4/4
  2296 | D:2      | HP: 1/33 [gnoll (5)]
  2300 | D:2      | Slain by a goblin

Vault maps used:
D:1:      dpeg_arrival_shelter, minmay_misc_feat_hallway, roderic_roman_lattice
D:2:      first_bread, okawaru_metal_pillars_1_2

Skill      XL: |  1  2  3 |
---------------+----------+-----
Polearms       | 5 6 7 |  7.6
Fighting       | |  2.1
Throwing       | |  2.0
Dodging        | |  4.0

Action                   |  1- 3 |  4- 6 || total
-------------------------+-------+-------++-------
Melee: Trident           |   144 |    25 ||   169
 Stab: Sleeping          |     3 |       ||     3
  Eat: Chunk             |     2 |     1 ||     3
       Meat ration       |       |     1 ||     1
Armor: Leather armour    |    25 |       ||    25
       Ring mail         |     4 |     7 ||    11
Dodge: Dodged            |    73 |    14 ||    87
